 Dungeon Crawl Stone Soup version 0.20.1-1-g8b1a95d (webtiles) character file.

210 Mesmaeker13 the Charmwright (level 5, -2/41 HPs)
             Began as a Draconian Skald on Oct 11, 2017.
             Slain by an orc wizard
             ... wielding a +1 dagger of protection
              (3 damage)
             ... on level 3 of the Dungeon.
             The game lasted 00:06:30 (3384 turns).

Mesmaeker13 the Charmwright (Draconian Skald)       Turns: 3384, Time: 00:06:31

Health: -2/41      AC:  7    Str: 11 (13) XL:     5   Next: 56%
Magic:  8/8        EV: 12    Int: 17 (19) God:
Gold:   157        SH:  0    Dex: 11      Spells: 3/8 levels left

rFire    . . .     SeeInvis .   j - +0 trident
rCold    . . .     Gourm    .   (no shield)
rNeg     . . .     Faith    .   (armour unavailable)
rPois    .         Spirit   .   (helmet restricted)
rElec    .         Reflect  .   (no cloak)
rCorr    .         Harm     .   i - +1 pair of gloves
MR       .....                  (no boots)
Stlth    ++........             (no amulet)
Regen    0.2/turn               h - ring of flight
MPRegen  0.2/turn               y - ring of stealth

@: brilliant
A: unfitting armour, cold-blooded, AC +5
a: Evoke Flight


You were on level 3 of the Dungeon.
You were not hungry.

You visited 1 branch of the dungeon, and saw 3 of its levels.

You collected 157 gold pieces.

Inventory:

Hand Weapons
 j - a +0 trident (weapon)
 w - a +0 blowgun
Missiles
 x - 10 poisoned needles
Armour
 f - a +0 buckler
 i - a +1 pair of gloves (worn)
Jewellery
 h - a ring of flight (left hand)
 y - a ring of stealth (right hand)
Scrolls
 e - a scroll of enchant armour
 k - a scroll of identify {unknown}
 o - a scroll of fog {unknown}
 p - a scroll of recharging {unknown}
 r - a scroll of enchant weapon {unknown}
 s - a scroll of remove curse {unknown}
 t - a scroll of teleportation {unknown}
 u - a scroll of blinking
Books
 b - a book of Battle

   Spells                             Type                      Level
   a - Infusion                       Charms                       1
   b - Shroud of Golubria             Charms/Translocation         2
   c - Song of Slaying                Charms                       2
   d - Spectral Weapon                Hexes/Charms                 3
   e - Regeneration                   Charms/Necromancy            3
Comestibles
 a - a chunk of flesh
 c - 2 bread rations
 l - 2 meat rations
 m - 2 fruits
 v - a royal jelly


   Skills:
 - Level 2.1 Fighting
 + Level 3.5 Polearms
 - Level 2.5 Dodging
 + Level 2.6 Shields
 - Level 2.0 Spellcasting
 + Level 3.9 Charms
 + Level 0.6 Translocations


You had 3 spell levels left.
You knew the following spells:

 Your Spells              Type           Power        Failure   Level  Hunger
a - Infusion              Chrm           ####         1%          1    #......
b - Shroud of Golubria    Chrm/Tloc      ###.......   1%          2    ###....
c - Song of Slaying       Chrm           ####....     1%          2    ###....


Dungeon Overview and Level Annotations

Branches:
Dungeon (3/15)

Altars:
Okawaru
Qazlal


Innate Abilities, Weirdness & Mutations

Your plain brown scales are hard. (AC +5)
You cannot fit into any form of body armour.
You are cold-blooded and may be slowed by cold attacks.


Message History

Unknown command.
Unknown command.
Unknown command.
You cannot move. (Use ctrl+direction to attack without moving.)
You cannot move. (Use ctrl+direction to attack without moving.)
Something completely misses you.
You cannot move. (Use ctrl+direction to attack without moving.)
Something hits you but does no damage.
You hear some strange, mumbled words.
Something tries to affect you, but you resist.
You feel less wooden.
Your +1 pair of gloves unmelds from your body.
Something hits you but does no damage.
You completely miss something.
You feel less confused. Something hits you but does no damage.
You miss something.
Your tail-slap misses something.
Something hits you.
* * * LOW HITPOINT WARNING * * *
You barely miss something. Something hits you.
You die...

##### ############...##
....)).....#.#..# #######
...#######......## ##.....## ...#
##.###.@#######.......## ...####
#.# #.{)..............#
..†...#####.# #.###........))....
..........#.###.###.............#
.........[.......................
...##..##..........o............)
...###....#........#.o.........).
...# ###................[.....o..
.#.# ##.#####..####o###........


There were no monsters in sight!

Vanquished Creatures
  An orc wizard (D:3)
  Terence (D:2)
  Jessica (D:2)
  6 adders
  A worm (D:2)
  2 dart slugs (D:2)
  4 leopard geckos (D:2)
  5 orcs (D:3)
  A ball python (D:3)
  6 bats
  2 giant cockroaches
  6 goblins
  6 hobgoblins
  10 kobolds
  6 frilled lizards
  5 rats
63 creatures vanquished.

Notes
Turn   | Place    | Note
-------+----------+-------------------------------------------
     0 | D:1      | Mesmaeker13 the Draconian Skald began the quest for the Orb.
     0 | D:1      | Reached XP level 1. HP: 17/17 MP: 3/3
   549 | D:1      | Reached XP level 2. HP: 23/24 MP: 3/5
  1516 | D:2      | Reached XP level 3. HP: 22/29 MP: 0/6
  1595 | D:2      | Learned a level 2 spell: Shroud of Golubria
  1635 | D:2      | Reached skill level 1 in Shields
  1925 | D:2      | Found an iron altar of Okawaru.
  2143 | D:2      | Noticed Jessica
  2203 | D:2      | Killed Jessica
  2203 | D:2      | Reached XP level 4. HP: 22/36 MP: 2/7
  2584 | D:2      | Noticed Terence
  2616 | D:2      | Killed Terence
  2912 | D:3      | Found a stormy altar of Qazlal.
  2917 | D:3      | Reached XP level 5. HP: 41/41 MP: 8/8
  3092 | D:3      | Noticed a phantom
  3260 | D:3      | Learned a level 2 spell: Song of Slaying
  3375 | D:3      | HP: 2/61 [something/puff of flame (10)]
  3383 | D:3      | HP: 1/41 [something (2)]
  3384 | D:3      | Slain by an orc wizard

Skill      XL: |  1  2  3  4 |
---------------+-------------+-----
Charms         | 3 |  3.9
Shields        | 1 2 |  2.6
Polearms       | 3 |  3.5
Fighting       | |  2.1
Dodging        | |  2.5
Spellcasting   | |  2.0
Translocations | |  0.6

Action                   |  1- 3 |  4- 6 || total
-------------------------+-------+-------++-------
Melee: Spear             |   155 |    44 ||   199
       Tailslap          |    14 |    10 ||    24
       Trident           |       |   105 ||   105
 Cast: Infusion          |    11 |     6 ||    17
       Shroud of Golubri |     3 |     3 ||     6
  Use: Scroll            |     1 |     1 ||     2
       Potion            |       |     6 ||     6
 Stab: Sleeping          |     1 |     1 ||     2
  Eat: Chunk             |     5 |     4 ||     9
Armor: Skin              |    39 |    87 ||   126
Dodge: Dodged            |    78 |    61 ||   139
